 Dungeon Crawl Stone Soup version 0.19-b1-4-gd8a0a2a (webtiles) character file.

81 pkoi the Ruffian (level 4, -4/35 HPs)
             Began as a Draconian Transmuter on Oct 30, 2016.
             Slain by Crazy Yiuf
             ... wielding a +2 quarterstaff of chaos
              (9 damage)
             ... on level 2 of the Dungeon.
             The game lasted 00:04:44 (1647 turns).

pkoi the Ruffian (Draconian Transmuter)             Turns: 1647, Time: 00:04:45

Health: -4/35      AC:  8    Str: 12    XL:     4   Next: 20%
Magic:  9/16       EV: 12    Int: 15    God:
Gold:   74         SH:  0    Dex: 11    Spells: 3 memorised, 1 level left

rFire  . . .     SeeInvis .       - Unarmed
rCold  . . .     Gourm    .     (armour unavailable)
rNeg   . . .     Faith    .     (no shield)
rPois  .         Spirit   .     (helmet restricted)
rElec  .         Reflect  .     (no cloak)
rCorr  .         Harm     .     d - +2 pair of gloves
MR     .....                    (no boots)
Stlth  +.........               (no amulet)
                                (no ring)
                                r - ring of magical power

@: very slightly contaminated
A: unfitting armour, cold-blooded, AC +5
a: no special abilities


You were on level 2 of the Dungeon.
You were hungry.

You visited 1 branch of the dungeon, and saw 2 of its levels.

You collected 74 gold pieces.

Inventory:

Missiles
 a - 40 arrows
Armour
 d - a +2 pair of gloves (worn)
Jewellery
 r - a ring of magical power (left hand)
 t - an uncursed amulet of faith
Wands
 s - a wand of random effects (18/48)
Scrolls
 j - a scroll of remove curse
Potions
 g - a potion of heal wounds {unknown}
 k - a potion of brilliance {unknown}
 n - a potion of flight {unknown}
 u - a potion of lignification
 v - a potion of resistance {unknown}
Books
 b - a book of Changes

   Spells                             Type                      Level
   a - Beastly Appendage              Transmutation                1
   b - Sticks to Snakes               Transmutation                2
   c - Spider Form                    Transmutation/Poison         3
   d - Ice Form                       Ice/Transmutation            4
   e - Blade Hands                    Transmutation                5
Comestibles
 c - 2 bread rations
 m - a royal jelly
 o - a beef jerky


   Skills:
 - Level 1.1 Fighting
 - Level 1.7 Dodging
 + Level 4.4 Unarmed Combat
 + Level 2.0 Spellcasting
 + Level 3.0 Transmutations
 + Level 0.0 Poison Magic


You had one spell level left.
You knew the following spells:

 Your Spells              Type           Power        Failure   Level  Hunger
a - Beastly Appendage     Tmut           ##....       8%          1    #......
b - Sticks to Snakes      Tmut           ##......     12%         2    ###....
c - Spider Form           Tmut/Pois      #.........   34%         3    ###....


Dungeon Overview and Level Annotations

Branches:
Dungeon (2/15)

Altars:

Annotations:
D:2 Crazy Yiuf


Innate Abilities, Weirdness & Mutations

Your plain brown scales are hard. (AC +5)
You cannot fit into any form of body armour.
You are cold-blooded and may be slowed by cold attacks.


Message History

Your ball python bites Crazy Yiuf.
Your adder bites Crazy Yiuf but does no damage.
You hit Crazy Yiuf but do no damage.
You tail-slap Crazy Yiuf, but do no damage.
Crazy Yiuf is moderately wounded.
Your ball python bites Crazy Yiuf but does no damage.
Your ball python constricts Crazy Yiuf.
Your ball python bites Crazy Yiuf but does no damage.
Crazy Yiuf hits you with a quarterstaff of chaos!
* * * LOW HITPOINT WARNING * * *
Your adder bites Crazy Yiuf but does no damage.
Your ball python bites Crazy Yiuf but does no damage.
Your ball python constricts Crazy Yiuf.
You hit Crazy Yiuf. You tail-slap Crazy Yiuf.
Crazy Yiuf is heavily wounded.
Your ball python bites Crazy Yiuf but does no damage.
Your adder bites Crazy Yiuf.
Crazy Yiuf is poisoned.
Your adder poisons Crazy Yiuf!
Crazy Yiuf hits you with a quarterstaff of chaos!
You die...

#.................
#.................
#...###...........
#...###.).........
###...#...........
#...#...........
##.....).........
##SS......##...##.
##@gS......##...##.
#....####..........
##..## #..........
♣....♣ #..........
♣...♣♣ #..........
♣♣.♣♣ ##...##....
♣.♣♣ #...##....
♣♣.♣ #...##....
♣.♣♣ #...##....


You could see Crazy Yiuf, a friendly adder and 2 friendly ball pythons.

Vanquished Creatures
  An adder (D:2)
  An ooze (D:1)
  2 worms (D:2)
  4 dart slugs
  4 leopard geckos
  7 bats
  A giant cockroach (D:2)
  4 goblins
  3 hobgoblins
  A quokka (D:2)
  9 frilled lizards
  6 kobolds
  16 rats
59 creatures vanquished.

Notes
Turn   | Place    | Note
-------+----------+-------------------------------------------
     0 | D:1      | pkoi the Draconian Transmuter began the quest for the Orb.
     0 | D:1      | Reached XP level 1. HP: 16/16 MP: 3/3
   240 | D:1      | Reached XP level 2. HP: 21/23 MP: 5/5
   266 | D:1      | Learned a level 2 spell: Sticks to Snakes
   400 | D:1      | Reached skill level 4 in Unarmed Combat
   524 | D:1      | Reached XP level 3. HP: 24/28 MP: 6/6
  1272 | D:2      | Reached XP level 4. HP: 35/35 MP: 7/7
  1283 | D:2      | Learned a level 3 spell: Spider Form
  1478 | D:2      | Found a runed door.
  1626 | D:2      | Noticed Crazy Yiuf
  1647 | D:2      | Slain by Crazy Yiuf

Skill      XL: |  1  2  3  4 |
---------------+-------------+-----
Unarmed Combat | 4 |  4.4
Transmutations | 3 |  3.0
Fighting       | |  1.1
Dodging        | |  1.7
Spellcasting   | |  2.0

Action                   |  1- 3 |  4- 6 || total
-------------------------+-------+-------++-------
Melee: Unarmed           |   162 |    25 ||   187
       Tailslap          |    15 |     4 ||    19
       Punch             |       |     1 ||     1
 Cast: Sticks to Snakes  |       |     4 ||     4
  Use: Scroll            |     7 |       ||     7
 Stab: Sleeping          |     1 |       ||     1
  Eat: Chunk             |     1 |     1 ||     2
Armor: Skin              |    49 |     4 ||    53
Dodge: Dodged            |    98 |     9 ||   107
